 Dungeon Crawl Stone Soup version 0.17.0-28-g6e173f8 (webtiles) character file.

16757 inmateoo the Unseen (level 12, -3/84 HPs)
             Began as a Vampire Fire Elementalist on Nov 22, 2015.
             Was a High Priest of Okawaru.
             Shot with a bolt of flame by a yaktaur (24 damage)
             ... on level 12 of the Dungeon.
             The game lasted 00:32:23 (14767 turns).

inmateoo the Unseen (Vampire Fire Elementalist)    Turns: 14767, Time: 00:32:24

Health: -3/84      AC: 10    Str:  7    XL:     12   Next: 12%
Magic:  19/19      EV: 19    Int: 24    God:    Okawaru [*****.]
Gold:   1000       SH:  0    Dex: 18    Spells: 0 memorised, 21 levels left

rFire  . . .     SeeInvis +     a - +5 dagger (pierce)
rCold  + . .     Clarity  .     F - +2 leather armour {rC+}
rNeg   . . .     SustAt   .     (no shield)
rPois  .         Gourm    .     D - +1 hat
rElec  .         Spirit   .     (no cloak)
rCorr  .         Warding  .     (no gloves)
rMut   .         Stasis   .     P - +0 pair of boots {run}
MR     +....                    (no amulet)
Stlth  +++++++...               s - +5 ring of intelligence
                                h - +3 ring of protection

@: regenerating quickly, quick, somewhat resistant to hostile enchantments,
extremely stealthy
A: fangs 3, see invisible, unbreathing
a: Heroism, Finesse, Renounce Religion


You were on level 12 of the Dungeon.
You worshipped Okawaru.
Okawaru was extremely pleased with you.
You were very full.

You visited 1 branch of the dungeon, and saw 12 of its levels.
You also visited: Sewer and Bailey.

You collected 1000 gold pieces.

Inventory:

Hand Weapons
 a - a +5 dagger of piercing (weapon)
 b - a +0 blowgun
 y - a +1 rapier of flaming
Missiles
 m - 97 poisoned needles
 q - 9 curare-tipped needles
Armour
 B - a +0 steam dragon armour
 D - a +1 hat (worn)
 F - a +2 leather armour of cold resistance (worn)
 P - a +0 pair of boots of running (worn)
Rods
 o - a +2 rod of the swarm (4/13)
   (You found it on level 9 of the Dungeon)
Jewellery
 h - a +3 ring of protection (left hand)
 i - an uncursed amulet of stasis
 s - a +5 ring of intelligence (right hand)
 x - an uncursed ring of ice
 J - an uncursed ring of sustain attributes
 M - an uncursed ring of protection from cold
Wands
 k - a wand of hasting (8)
 p - a wand of random effects (30)
 r - a wand of flame (22)
 t - a wand of disintegration (5)
 A - a wand of invisibility (0)
 C - a wand of fireball (10)
 H - a wand of fire (9)
 I - a wand of slowing (26)
 K - a wand of paralysis (3)
Scrolls
 c - 3 scrolls of amnesia
 g - 5 scrolls of remove curse
 v - 6 scrolls of teleportation
 E - a scroll of enchant weapon
 L - a scroll of blinking
Potions
 d - 5 potions of brilliance
 f - a potion of flight
 j - 7 potions of curing
 l - 5 potions of agility
 n - 7 potions of might {unknown}
 u - 4 potions of heal wounds
 w - a potion of cancellation {unknown}
 z - 2 potions of haste {unknown}
 G - a potion of resistance {unknown}
 N - a potion of cure mutation {unknown}
 O - a potion of experience {unknown}
Books
 e - a book of Geomancy

   Spells                             Type                      Level
   a - Sandblast                      Earth                        1
   b - Stoneskin                      Transmutation/Earth          2
   c - Passwall                       Transmutation/Earth          3
   d - Stone Arrow                    Conjuration/Earth            3
   e - Petrify                        Transmutation/Earth          4
   f - Lee's Rapid Deconstruction     Earth                        5


   Skills:
 + Level 4.5 Fighting
 - Level 10.3 Short Blades
 + Level 3.7 Armour
 + Level 10.0 Dodging
 + Level 15.0 Stealth
 + Level 5.3 Spellcasting
   Level 0.6 Conjurations
   Level 2.4 Fire Magic
 * Level 6.6 Evocations


You had 21 spell levels left.
You didn't know any spells.

Dungeon Overview and Level Annotations

Branches:
Dungeon (12/15)            Temple (0/1) D:5            Lair (0/8) D:9
    Orc (0/4) D:12

Altars:
Cheibriados
Elyvilon
Fedhas
Gozag
Kikubaaqudgha
Nemelex Xobeh
Okawaru
Vehumet
Zin


Innate Abilities, Weirdness & Mutations

Your natural rate of healing is unusually fast.
You have razor-sharp teeth.
You have supernaturally acute eyesight.
You can survive without breathing.


Message History

* * * LOW HITPOINT WARNING * * *
The bolt of flame burns you.
* * * LOW HITPOINT WARNING * * *
Unknown command.
Your killer bee stings the yaktaur.
Your killer bee stings the yaktaur but does no damage.
The yaktaur shoots a bolt of flame.
The bolt of flame completely misses your killer bee.
The bolt of flame barely misses your wasp.
The bolt of flame hits the cyclops!
The bolt of flame burns the cyclops.
The cyclops throws a large rock.
The large rock closely misses you.
Your killer bee stings the yaktaur. x2
Things that are here:
a large rock; a bolt of flame Unknown command.
A white ugly thing comes into view.
Your killer bee stings the yaktaur.
The yaktaur shoots a bolt of flame.
The bolt of flame barely misses your killer bee.
The bolt of flame hits you!!
You die...

.(........##...8.###,#,,,,,,*,,,#
..).......##...8...#C#,,,,,,+,,,#
......##...)..##...#c#,,,,,,*,,,#
....)8##8....8#*...#y#,,,,,,*,,,#
....######..###**#..y#,,,,,,*,,,#
....######..######.Cu#,,,,,,*,,##
.##..8##8....8##...#.#*+*****,,#.
.#....##......##..(#C#*,,,,*,,,#.
.#....8...##....@(.#,**,,,,*,,,#.
.#....8...##.b..(###,**,,,,#...#.
.#....##......##.# *,**,,,,+...#.
.#...8##8....8##8#**,**,,,,#...#.
.#..############..,,,**,,,,#...#.
.#).## ############*****,*#..##.
..#..####..##......#########..#..
..#.....#...'......#.....†....#..
..#.....'...#......#..........#..


You could see a white ugly thing (wandering), a cyclops, a yaktaur, a friendly
wasp and a friendly killer bee.

Vanquished Creatures
  An orc warlord (Bailey)
  Erolcha (D:9)
  A hydra (D:10)
  3 hill giants
  An orc knight (Bailey)
  A centaur skeleton (D:10)
  2 kobold demonologists (D:12)
  A troll (D:12)
  A wraith (D:10)
  A shadow (D:12)
  Eustachio (D:5)
  Grum (D:11)
  3 steam dragons
  2 hippogriffs
  A hungry ghost (D:9)
  5 yaks (D:10)
  2 wyverns (D:9)
  2 wolves (D:11)
  A mottled dragon (D:8)
  A soldier ant (D:12)
  2 sky beasts
  Duvessa (D:7)
  2 black bears
  15 orc warriors
  5 ogres
  3 phantoms
  10 big kobolds
  3 giant frogs
  Blork the orc (D:6)
  5 centaurs
  A wyvern zombie (D:12)
  Dowan (D:7)
  3 scorpions
  A wyvern skeleton (D:8)
  10 wights
  13 killer bees
  4 crimson imps
  A centaur zombie (D:11)
  3 jellies
  A quasit (D:12)
  8 worker ants
  2 giant frog skeletons
  4 orc priests
  6 hounds
  3 iguanas
  Natasha (thrice) (D:3)
  3 sheep
  8 orc wizards
  A hound zombie (D:7)
  A hound skeleton (D:8)
  12 adders
  27 gnolls
  A shadow imp (D:5)
  An ooze (Sewer)
  3 adder skeletons
  4 adder zombies
  A worm (D:2)
  7 giant geckos
  58 orcs
  4 giant cockroaches
  51 goblins
  41 hobgoblins
  19 jackals
  6 ball pythons
  7 bats
  2 giant gecko skeletons
  8 giant newts
  19 kobolds
  6 quokkas
  8 rats
441 creatures vanquished.

Vanquished Creatures (collateral kills)
  A cyclops (D:11)
  A troll (D:11)
  5 yaks (D:10)
  A hungry ghost (D:9)
  2 wolves (D:11)
  An ogre (D:9)
  An orc warrior (D:11)
  A necrophage (D:9)
  An ice beast (D:10)
  A big kobold (D:10)
  A wyvern skeleton (D:12)
  7 killer bees
  A wasp zombie (D:10)
  2 orc priests (D:12)
  3 sheep
  3 orcs
  A giant gecko zombie (D:9)
33 creatures vanquished.

Grand Total: 474 creatures vanquished

Notes
Turn   | Place    | Note
--------------------------------------------------------------
     0 | D:1      | inmateoo the Vampire Fire Elementalist began the quest for the Orb.
     0 | D:1      | Reached XP level 1. HP: 13/13 MP: 3/3
   233 | D:1      | Reached XP level 2. HP: 10/19 MP: 5/5
   852 | D:2      | Reached skill level 4 in Stealth
  1051 | D:2      | Reached XP level 3. HP: 24/24 MP: 6/6
  1096 | D:2      | Reached skill level 1 in Short Blades
  1489 | D:3      | Found a snail-covered altar of Cheibriados.
  1628 | D:3      | Reached XP level 4. HP: 30/30 MP: 7/7
  1746 | D:3      | Found a radiant altar of Vehumet.
  1863 | D:3      | Found an ancient bone altar of Kikubaaqudgha.
  1898 | D:3      | Reached skill level 5 in Stealth
  2066 | D:3      | Reached XP level 5. HP: 28/35 MP: 8/8
  2453 | D:3      | Noticed Natasha
  2466 | D:3      | Killed Natasha
  2724 | D:3      | Reached skill level 6 in Stealth
  2810 | D:3      | Noticed a big kobold
  2816 | D:3      | Noticed a big kobold
  2819 | D:3      | Reached XP level 6. HP: 30/41 MP: 9/9
  2823 | D:3      | Noticed a big kobold
  2898 | D:3      | Killed a big kobold
  2925 | D:3      | Killed a big kobold
  2925 | D:3      | Reached skill level 7 in Stealth
  3008 | D:3      | Noticed Natasha
  3019 | D:3      | Killed Natasha
  3050 | D:3      | Noticed Natasha
  3052 | D:3      | Killed Natasha
  3164 | D:3      | Killed a big kobold
  3164 | D:3      | Reached skill level 5 in Short Blades
  3164 | D:3      | Reached XP level 7. HP: 40/46 MP: 10/10
  4023 | D:4      | Found a sparkling altar of Nemelex Xobeh.
  4024 | D:4      | Noticed a two-headed ogre
  4024 | D:4      | Noticed a troll
  4197 | D:5      | Entered Level 5 of the Dungeon
  4243 | D:5      | Reached skill level 8 in Stealth
  4346 | D:5      | Found an iron altar of Okawaru.
  4382 | D:5      | Became a worshipper of Warmaster Okawaru
  4418 | D:5      | Found a staircase to the Ecumenical Temple.
  4477 | D:5      | Reached skill level 5 in Dodging
  4661 | D:5      | Noticed Eustachio
  4665 | D:5      | Killed Eustachio
  4665 | D:5      | Reached XP level 8. HP: 52/52 MP: 11/11
  4748 | D:5      | Reached skill level 9 in Stealth
  5368 | D:6      | Noticed Blork the orc
  5389 | D:6      | Found a radiant altar of Vehumet.
  5526 | D:6      | Found a white marble altar of Elyvilon.
  5609 | D:6      | Reached skill level 10 in Stealth
  5616 | D:6      | Reached * piety under Okawaru
  5706 | D:6      | Found a glowing drain.
  5713 | Sewer    | Entered a sewer
  6395 | D:6      | Killed Blork the orc
  6395 | D:6      | Reached skill level 11 in Stealth
  6444 | D:6      | Found a blossoming altar of Fedhas.
  6522 | D:6      | Found a glowing silver altar of Zin.
  6525 | D:6      | Reached XP level 9. HP: 49/57 MP: 12/12
  6827 | D:7      | Noticed Duvessa
  6827 | D:7      | Noticed Dowan
  6829 | D:7      | Killed Duvessa
  6848 | D:7      | Killed Dowan
  7049 | D:7      | Reached ** piety under Okawaru
  7067 | D:7      | Reached skill level 12 in Stealth
  7353 | D:7      | You fall through a shaft for 2 floors!
  8062 | D:8      | Reached skill level 13 in Stealth
  8981 | D:7      | Reached *** piety under Okawaru
  9141 | D:8      | Reached XP level 10. HP: 27/63 MP: 13/13
  9702 | D:9      | Noticed Erolcha
  9710 | D:9      | Killed Erolcha
  9710 | D:9      | Reached skill level 10 in Short Blades
  9726 | D:9      | Identified a +0 rod of the swarm (11/11) (You found it on level 9 of the Dungeon)
  9750 | D:9      | Reached skill level 14 in Stealth
  9946 | D:9      | Reached **** piety under Okawaru
  9946 | D:9      | Reached skill level 1 in Evocations
 10166 | D:9      | Found a staircase to the Lair.
 10449 | D:9      | Reached skill level 1 in Armour
 10641 | D:10     | Entered Level 10 of the Dungeon
 10654 | D:10     | Reached skill level 1 in Fighting
 11583 | D:10     | Identified a scroll of acquirement
 11746 | D:10     | Noticed a three-headed hydra
 11750 | D:10     | Killed a three-headed hydra
 11750 | D:10     | Reached ***** piety under Okawaru
 11750 | D:10     | Reached XP level 11. HP: 71/73 MP: 15/17
 12161 | D:10     | Received a gift from Okawaru
 12539 | D:11     | Noticed Grum
 12646 | D:11     | Killed Grum
 12860 | D:11     | Noticed a hill giant
 12865 | D:11     | Killed a hill giant
 12893 | D:11     | Found an opulent altar of Gozag.
 13203 | D:12     | Reached skill level 5 in Evocations
 13274 | D:12     | Found a flagged portal.
 13283 | Bailey   | Entered a bailey
 13284 | Bailey   | Upgraded the game from 0.17.0-27-g4a3f43e to 0.17.0-28-g6e173f8
 13773 | Bailey   | Noticed an orc warlord
 13793 | Bailey   | Killed an orc warlord
 13998 | D:12     | Noticed a hill giant
 14005 | D:12     | Reached skill level 5 in Spellcasting
 14015 | D:12     | Killed a hill giant
 14015 | D:12     | Received a gift from Okawaru
 14054 | D:12     | Identified a +0 pair of boots of running (Okawaru gifted it to you on level 12 of the Dungeon)
 14288 | D:12     | Reached XP level 12. HP: 62/83 MP: 19/19
 14405 | D:12     | Noticed a hill giant
 14408 | D:12     | Killed a hill giant
 14408 | D:12     | Reached skill level 15 in Stealth
 14574 | D:12     | Found a staircase to the Orcish Mines.
 14638 | D:12     | Reached skill level 10 in Dodging
 14764 | D:12     | Noticed a hill giant
 14767 | D:12     | Shot with a bolt of flame by a yaktaur

Action                   |  1- 3 |  4- 6 |  7- 9 | 10-12 || total
-------------------------+-------+-------+-------+-------++-------
Melee: Mace              |    40 |       |       |       ||    40
       Unarmed           |     6 |       |       |       ||     6
       Dagger            |   114 |   303 |   697 |   787 ||  1901
 Fire: Blowgun           |       |    25 |    20 |       ||    45
Throw: Tomahawk          |       |     3 |       |       ||     3
Invok: Heroism           |       |       |     1 |     4 ||     5
Evoke: Rod               |       |       |       |    25 ||    25
       Wand              |       |       |       |     8 ||     8
  Use: Scroll            |     4 |     2 |     7 |    11 ||    24
       Potion            |       |     1 |     1 |     3 ||     5
 Stab: Sleeping          |     5 |     1 |    28 |    35 ||    69
       Distracted        |       |     1 |       |     7 ||     8
       Invisible         |       |       |       |    21 ||    21
       Paralysed         |       |       |       |     3 ||     3
  Eat: Corpse            |    18 |    15 |    32 |    34 ||    99
